 Dungeon Crawl Stone Soup version 0.32-a0-938-g40ac7a0f4d (webtiles) character file.

Game seed: 7197133299142800513

58 Sanktem7 the Covered (level 3, -14/33 HPs)
             Began as a Minotaur Fighter on Apr 16, 2024.
             Demolished by an orc warrior
             ... wielding a +0 dire flail
              (17 damage)
             ... on level 6 of the Dungeon.
             The game lasted 00:01:37 (1522 turns).

Sanktem7 the Covered (Minotaur Fighter)             Turns: 1522, Time: 00:01:38

Health: -14/33     AC:  7    Str: 22    XL:     3   Next: 75%
Magic:  2/2        EV:  8    Int:  5    God:
Gold:   84         SH:  4    Dex:  9    Spells: 2/2 levels left

rFire   . . .        a - +0 war axe {axe}
rCold   . . .        c - +0 buckler
rNeg    . . .        b - +0 scale mail
rPois   .            (helmet restricted)
rElec   .            (no cloak)
rCorr   .            (no gloves)
SInv    .            (no boots)
Will    .....        (no amulet) Stlth
                     (no ring)
HPRegen 0.25/turn    (no ring)
MPRegen 0.08/turn

%: no passive effects
@: marked
A: horns 2, retaliatory headbutt
a: Convert to Beogh


You were on level 6 of the Dungeon.
You visited 1 branch of the dungeon, and saw 4 of its levels.

You collected 84 gold pieces.


Innate Abilities, Weirdness & Mutations

You have a pair of horns on your head.
You reflexively headbutt those who attack you in melee.


   Skills:
 + Level 4.1 Fighting
 * Level 3.6 Axes
 + Level 0.6 Throwing
 + Level 4.1 Armour
 + Level 4.0 Shields


You had 2 spell levels left.
You didn't know any spells.
Your spell library contained the following spells:

 Spells                   Type           Power      Damage    Failure   Level
 Kiss of Death            Conj/Necr      0%         2d5       86%         1
 Confusing Touch          Hex            0%         N/A       99%         3
 Dispel Undead            Necr           0%         3d6       100%        4

Inventory:

Hand Weapons
 a - a +0 war axe (weapon) {axe}
Missiles
 h - 12 stones (quivered) {throwing}
 o - 9 javelins {throwing}
Armour
 b - a +0 scale mail (worn)
 c - a +0 buckler (worn)
 p - a +0 pair of boots
   (You found it on level 3 of the Dungeon)
Scrolls
 f - a scroll of noise {unknown}
 i - 2 scrolls of enchant weapon {unknown}
 j - 3 scrolls of amnesia {unknown}
 k - 3 scrolls of identify {unknown}
 l - a scroll of immolation {unknown}
Potions
 d - a potion of might
 e - 2 potions of curing {unknown}
 g - a potion of enlightenment {unknown}
 m - a potion of mutation {unknown}
 n - a potion of attraction {unknown}

Dungeon Overview and Level Annotations

Branches:
Dungeon (3/15) Zot: 22448

Altars:

#.........######..
#........##......
#...o...........
#......#....##.#
##o5o###...####.
#### ##oo## ##..#
#. #..#####.o##
#..# #.
###...#ho## ##..
## ##..@o## #..#
###h[# ...# #F.#
.... #..# .###
.... ...#..
..##... ..# #...


You could see an orc warrior, a black bear, a bullfrog, a howler monkey, 2 orc
priests, an orc wizard, a white imp and 4 orcs.


Message History

Found an escape hatch in the ceiling.
Found a stone staircase leading up.
An endoplasm is nearby!
An endoplasm is nearby!
The endoplasm hits you but does no damage.
You see here 15 gold pieces.
You hit the endoplasm but do no damage. You headbutt the endoplasm!
You kill the endoplasm!
No target in view!
No target in view!
No target in view!
No target in view!
No target in view!
You now have 71 gold pieces (gained 15).
p - a +0 pair of boots You now have 84 gold pieces (gained 13).
A ball python comes into view.
A malevolent force fills the Dungeon...
You fall into a shaft and drop 3 floors!
The shaft crumbles and collapses.
A malevolent force fills the Dungeon...
With a horrendous wail, an alarm goes off!
A sentinel's mark forms upon you.
Something shouts, "Scamper home, thou hateful unchin-snouted meatball!"
You hear a shout! x8; You hear a howl!
You hear a croak.
You hear a shout! x4
No target in view!
A howler monkey, a black bear and an orc come into view.
An orc wizard comes into view. It is wielding a +0 dagger.
There are monsters nearby!
A white imp and 2 orc priests come into view.
An orc warrior comes into view. It is wielding a +0 dire flail.
An orc comes into view. It is wielding a +0 hand axe.
You hit the black bear. The black bear bites you.
The black bear barely misses you. You block the black bear's attack.
An orc priest comes into view. It is wielding a +0 hand axe.
You block the orc's attack. 😕 HP[-5]
You take 5 damage, and now have 28/33 hp.
You hit the black bear but do no damage.
The orc priest looks encouraged for a moment.
The orc wizard casts a spell.
The orc wizard flickers and vanishes!
Deactivating autopickup; reactivate with Ctrl-A.
An orc wizard comes into view. It is wielding a +0 dagger.
You block the black bear's attack.
The black bear claws you but does no damage. x2
The orc barely misses you.
You slash the black bear!
You hit the howler monkey but do no damage.
A scorpion comes into view.
The howler monkey misses you.
The black bear bites you but does no damage.
The black bear claws you. x2
An orc comes into view. It is wielding a +0 whip.
The orc closely misses you.
The howler monkey hits you but does no damage.
The black bear barely misses you. You furiously retaliate!
You headbutt the black bear.
The black bear claws you but does no damage.
You block the black bear's attack. You block the orc's attack.
The scorpion moves out of view. 😮 HP[-4]
You take 4 damage, and now have 24/33 hp.
You are too injured to fight recklessly!
You are too injured to fight recklessly!
You are too injured to fight recklessly!
You are too injured to fight recklessly!
You are too injured to fight recklessly!
You are too injured to fight recklessly!
You are too injured to fight recklessly!
You are too injured to fight recklessly!
You are too injured to fight recklessly!
You are too injured to fight recklessly!
Unknown command.
You barely miss the orc warrior. Your headbutt misses the orc warrior.
You closely miss the black bear. You closely miss the howler monkey.
A bullfrog comes into view.
The howler monkey hits you but does no damage.
You block the black bear's attack. The black bear claws you.
The black bear claws you but does no damage.
The orc warrior hits you with a +0 dire flail!
* * * LOW HITPOINT WARNING * * *
The orc hits you from afar with a +0 trident!
* * * LOW HITPOINT WARNING * * *
An orc comes into view. It is wielding a +0 hand axe.
The howler monkey completely misses you.
The orc priest shouts, "Surrender to Beogh and we'll let you live!" (press Y on the ability menu to convert to Beogh) 😱 HP[-20]
You take 20 damage, and now have 4/33 hp.
MASSIVE DAMAGE!! (PAUSE)
You closely miss the orc warrior.
The orc priest shouts, "Beogh offers mercy even to people such as you.
Join us and be reborn!"
Your headbutt misses the orc warrior. You barely miss the howler monkey.
You closely miss the black bear. The black bear barely misses you.
The black bear claws you.
* * * LOW HITPOINT WARNING * * *
You block the black bear's attack.
The orc warrior hits you with a +0 dire flail!
Ouch! That really hurt!
You die...

Skill      XL: |  1  2  3 |
---------------+----------+-----
Axes           | 3 |  3.6
Fighting       | 4 |  4.1
Armour         | 4 |  4.1
Shields        | 4 |  4.0
Throwing       | |  0.6

Action                     || total
---------------------------++-------
  Melee: War axe           ||    78
         Headbutt          ||     7
 Armour: Scale mail        ||    74
  Dodge: Dodged            ||    40
  Block: Buckler           ||    21

Levels and vault maps discovered:
D:1:      moated_graveyard_arrival, layout_loops_corners
D:2:      layout_basic
D:3:      layout_loops_ring, nicolae_ecumenical_pavilion, serial_aquarium,
          aquarium_bridge_island_small [aquarium_subvault_small_open,
          aquarium_subvault_bridge, aquarium_subvault_wall,
          aquarium_subvault_bridge, aquarium_subvault_window],
          aquarium_window_1, aquarium_window_corner, aquarium_window_corner,
          aquarium_window_2, aquarium_view_2b, aquarium_view_2b,
          uniq_crazy_yiuf_cottage, uniq_robin
D:6:      layout_layer_cave, chequers_arboretum

Notes
Turn   | Place    | Note
-------+----------+-------------------------------------------
     0 | D:1      | Sanktem7 the Minotaur Fighter began the quest for the Orb.
     0 | D:1      | Reached XP level 1. HP: 19/19 MP: 0/0
     0 | D:1      | magus.rc [v1.9.6]
   280 | D:1      | Reached XP level 2. HP: 27/27 MP: 1/1
   369 | D:1      | Reached skill level 3 in Axes
   802 | D:2      | Reached skill level 4 in Fighting
   802 | D:2      | Reached skill level 4 in Armour
   802 | D:2      | Reached XP level 3. HP: 23/33 MP: 2/2
   857 | D:2      | Reached skill level 4 in Shields
   953 | D:2      | You pick up a book of Touch and begin reading...
   953 | D:2      | You add the spells Kiss of Death, Confusing Touch and
                  | Dispel Undead to your library.
  1479 | D:3      | You fall into a shaft and drop 3 floors!
  1516 | D:6      | Noticed a black bear
  1517 | D:6      | Noticed an orc warrior
  1520 | D:6      | Noticed a scorpion
  1521 | D:6      | Noticed a bullfrog
  1521 | D:6      | HP: 4/33 [orc/+0 trident (8)]
  1522 | D:6      | Demolished by an orc warrior

Vanquished Creatures
  2 adders (D:2)
  A dart slug (D:1)
  5 endoplasms
  A giant cockroach (D:1)
  6 goblins
  2 hobgoblins (D:1)
  3 quokkas
  3 ball pythons
  3 bats
  A frilled lizard (D:1)
  A kobold (D:1)
  6 rats
34 creatures vanquished.

Table legend:
 A = Non-vault XP
 B = Vault XP
 C = Vault XP percentage of total XP
 D = Non-vault monster count
 E = Vault monster count
 F = Vault count percentage of total count
                 A         B        C        D         E       F
            +---------+---------+-------+---------+---------+-------
      Total |      83 |       0 |   0.0 |      34 |       0 |   0.0
            +---------+---------+-------+---------+---------+-------
        D:1 |      37 |       0 |   0.0 |      21 |       0 |   0.0
        D:2 |      44 |       0 |   0.0 |      12 |       0 |   0.0
        D:3 |       2 |       0 |   0.0 |       1 |       0 |   0.0
            +---------+---------+-------+---------+---------+-------

Skill      XL: |  1  2  3 |
---------------+----------+-----
Axes           | 3 |  3.6
Fighting       | 4 |  4.1
Armour         | 4 |  4.1
Shields        | 4 |  4.0
Throwing       | |  0.6

Action                     || total
---------------------------++-------
  Melee: War axe           ||    78
         Headbutt          ||     7
 Armour: Scale mail        ||    74
  Dodge: Dodged            ||    40
  Block: Buckler           ||    21

Illustrated notes

Table legend:
 A = Kills in this place as a percentage of kills in the entire game.
 B = Kills by you in this place as a percentage of kills by you in the entire game.
 C = Kills by friends in this place as a percentage of kills by friends in the entire game.
 D = Other kills in this place as a percentage of other kills in the entire game.
 E = Experience gained in this place as a percentage of experience gained in the entire game.
 F = Experience gained in this place divided by the number of levels of this place that you have seen.
                   A       B       C       D       E      F
               +-------+-------+-------+-------+-------+----------------------
         Total | 100.0 | 100.0 |   N/A |   N/A | 100.0 |  20.8
       Dungeon | 100.0 | 100.0 |   N/A |   N/A | 100.0 |  20.8
               +-------+-------+-------+-------+-------+----------------------

Table legend: (Time is in decaauts)
 A = Elapsed time spent in this place.
 B = Non-inter-level travel time spent in this place.
 C = Inter-level travel time spent in this place.
 D = Time resting spent in this place.
 E = Time spent auto-exploring this place.
 F = Levels seen in this place.
 G = Mean time per level.
                   A        B        C        D        E       F      G
               +--------+--------+--------+--------+--------+-----+--------+
         Total |   1550 |   1523 |     27 |      0 |   1304 |   4 |  387.5 |
       Dungeon |   1550 |   1523 |     27 |      0 |   1304 |   4 |  387.5 |
               +--------+--------+--------+--------+--------+-----+--------+

Top non-repeatable levels by time:
     D:1: 798 daAuts
     D:2: 686 daAuts
     D:6: 44 daAuts
     D:3: 21 daAuts
